 Dungeon Crawl Stone Soup version 0.30-a0-263-ge22c4ad894 (webtiles) character file.

Game seed: 11276324881018072891

236 sscrono2 the Sneak (level 6, -8/40 (42) HPs)
             Began as an Octopode Delver on Oct 13, 2022.
             Mangled by a wight
             ... wielding a +3 morningstar
              (16 damage)
             ... on level 4 of the Dungeon.
             The game lasted 00:03:59 (2685 turns).

sscrono2 the Sneak (Octopode Delver)                Turns: 2685, Time: 00:04:00

HP:   -8/40 (42)    AC:  1    Str: 14    XL:     6   Next: 6%
MP:   6/6           EV: 13    Int: 12    God:
Gold: 130           SH:  0    Dex: 13    Spells: 2/5 levels left

rFire   . . .      SeeInvis .      - Unarmed
rCold   . . .      Faith    .    (no shield)
rNeg    . . .      Spirit   .    (helmet restricted)
rPois   .          Reflect  .    (no amulet)
rElec   .          Harm     .    (no ring)
rCorr   .          Rampage  .    (no ring)
Will    .....                    (no ring)
Stlth   ++++......               (no ring)
HPRegen 0.26/turn                (no ring)
MPRegen 0.10/turn                (no ring)
                                 (no ring)
                                 (no ring)

@: lightly drained
A: almost no armour, amphibious, 8 rings, camouflage 1, gelatinous body 1,
(nimble swimmer 1), tentacles
a: no special abilities


You were on level 4 of the Dungeon.
You visited 1 branch of the dungeon, and saw 5 of its levels.

You collected 130 gold pieces.

Inventory:

Missiles
 k - 7 poisoned darts (quivered)
Jewellery
 g - a ring of fire
Wands
 e - a wand of digging (3)
Scrolls
 a - a scroll of fog
 b - a scroll of magic mapping
 c - 2 scrolls of fear
 h - a scroll of teleportation {unknown}
 i - a scroll of poison {unknown}
 j - a scroll of enchant weapon {unknown}
 l - 2 scrolls of enchant armour {unknown}
 m - 2 scrolls of amnesia {unknown}
 n - 2 scrolls of identify {unknown}
 q - a scroll of immolation {unknown}
Potions
 d - 4 potions of curing {unknown}
 f - a potion of cancellation {unknown}
 o - a potion of ambrosia {unknown}
 p - a potion of mutation {unknown}
 r - a potion of haste
 s - a potion of attraction {unknown}
 t - 2 potions of magic {unknown}


   Skills:
 - Level 3.0 Fighting
 - Level 2.0 Dodging
 - Level 6.6 Stealth
 + Level 6.0 Unarmed Combat
 + Level 0.2 Spellcasting
 * Level 0.5 Hexes


You had 2 spell levels left.
You knew the following spells:

 Your Spells              Type           Power      Damage    Failure   Level
a - Summon Guardian Gole  Hex/Summ       0%         N/A       65%         3

Your spell library contained the following spells:

 Spells                   Type           Power      Damage    Failure   Level
 Summon Small Mammal      Summ           0%         N/A       32%         1
 Call Canine Familiar     Summ           0%         N/A       69%         3


Dungeon Overview and Level Annotations

Branches:
Dungeon (5/15)
 Temple: D:4-7

Altars:
Yredelemnul


Innate Abilities, Weirdness & Mutations

You cannot wear most types of armour.
You are amphibious.
You can wear up to eight rings at the same time.
Your skin changes colour to match your surroundings (Stealth+).
Your rubbery body absorbs attacks. (AC +1, EV +1)
((You are camouflaged when in or above water. (Stealth+)))
You have tentacles for arms and can constrict up to eight enemies at once.


Message History

The adder bites you.
You are poisoned.
The adder poisons you! The adder misses you.
You barely miss the adder. You grab the adder.
You squeeze the adder, but do no damage.
You constrict the adder.
You feel sick. The adder barely misses you.
You tentacle-slap the adder but do no damage.
The adder is lightly wounded.
You constrict the adder.
You feel sick. The adder barely misses you.
You tentacle-slap the adder. Your squeeze misses the adder.
The adder is heavily wounded.
You constrict the adder.
You feel sick. The adder bites you.
You barely miss the adder. You squeeze the adder.
You kill the adder!
You feel sick.
You are no longer poisoned.
You start resting.
HP restored.
You start waiting.
A wight comes into view. It is wielding a +3 morningstar.
A wight is nearby!
A wight comes into view. It is wielding a +4 short sword.
An orc comes into view. It is wielding a +0 club.
You completely miss the wight. You grab the wight. You constrict the wight.
The wight closely misses you.
You tentacle-slap the wight but do no damage.
The wight is lightly damaged.
You constrict the wight, but do no damage.
The wight hits you with a +3 morningstar!
You tentacle-slap the wight.
The wight is heavily damaged.
You constrict the wight.
The wight hits you with a +3 morningstar!
You feel drained.
* * * LOW HITPOINT WARNING * * *
You tentacle-slap the wight.
The wight is severely damaged.
You constrict the wight.
The wight hits you with a +3 morningstar!
You die...

#.....................##.
####.....................#
#..........##.........##..
............#........##.#.
.........zz.#.............
#......................#.#
#........#...##...........
........##...#####....#.#.
....#...z@...###..........
###.#..##..####........#.#
. #.# #### ##......#... .
... #.......#.#. ....
##...<...# #.... ##.####.#
o... ### .# . .


You could see 2 wights.

Vanquished Creatures
  A phantom (D:3)
  2 hounds
  An iguana (D:5)
  2 adders (D:4)
  2 worms
  A dart slug (D:3)
  4 orcs (D:3)
  5 bats
  6 endoplasms
  A giant cockroach (D:1)
  2 goblins (D:1)
  6 hobgoblins
  3 kobolds (D:3)
  4 quokkas
  4 ball pythons (D:1)
  7 rats
51 creatures vanquished.

Notes
Turn   | Place    | Note
-------+----------+-------------------------------------------
     0 | D:5      | sscrono2 the Octopode Delver began the quest for the Orb.
     0 | D:5      | Reached XP level 1. HP: 16/16 MP: 1/1
    60 | D:5      | Noticed an ice beast
   119 | D:5      | Noticed a hound
   124 | D:5      | Killed a hound
   125 | D:5      | Reached XP level 2. HP: 11/21 MP: 2/2
   125 | D:5      | Reached XP level 3. HP: 13/26 MP: 3/3
   207 | D:5      | HP: 1/26 [iguana (14)]
   397 | D:4      | Noticed a phantom
   433 | D:4      | Noticed a black bear
   435 | D:4      | Found a basalt altar of Yredelemnul.
   483 | D:4      | Noticed a wight
   509 | D:3      | Noticed a phantom
   515 | D:3      | Killed a phantom
   516 | D:3      | Reached skill level 5 in Unarmed Combat
   516 | D:3      | Reached XP level 4. HP: 29/31 MP: 4/4
   516 | D:3      | Reached XP level 5. HP: 34/36 MP: 5/5
  1426 | D:1      | Found a faded altar of an unknown god.
  1796 | D:1      | Learned a level 3 spell: Summon Guardian Golem
  2606 | D:4      | Noticed an ogre
  2612 | D:4      | Reached XP level 6. HP: 39/42 MP: 6/6
  2685 | D:4      | Mangled by a wight

Illustrated notes

Levels and vault maps discovered:
D:1:      nicolae_arrival_memento_mori, layout_basic,
          nicolae_ecumenical_snake_handling
D:2:      layout_basic
D:3:      layout_basic
D:4:      layout_cave_pools, mainiacjoe_overflow_alcove_1,
          mainiacjoe_overflow_chevrons, hex_large
D:5:      layout_loops_ring, uniq_eustachio

Skill      XL: |  1  2  3  4  5 |
---------------+----------------+-----
Unarmed Combat | 3 5 6 |  6.0
Fighting       | |  3.0
Dodging        | |  2.0
Stealth        | |  6.6
Spellcasting   | |  0.2
Hexes          | |  0.5

Action                   |  1- 3 |  4- 6 || total
-------------------------+-------+-------++-------
Melee: Unarmed           |    19 |    86 ||   105
       Tentacles         |    10 |    18 ||    28
       Constrict         |     4 |    17 ||    21
       Punch             |       |     1 ||     1
  Use: Potion            |     1 |       ||     1
 Stab: Sleeping          |     3 |    25 ||    28
Armor: Skin              |     1 |     3 ||     4
Dodge: Dodged            |     8 |    33 ||    41

Table legend: (Time is in decaauts)
 A = Elapsed time spent in this place.
 B = Non-inter-level travel time spent in this place.
 C = Inter-level travel time spent in this place.
 D = Time resting spent in this place.
 E = Time spent auto-exploring this place.
 F = Levels seen in this place.
 G = Mean time per level.
                   A        B        C        D        E       F      G
               +--------+--------+--------+--------+--------+-----+--------+
         Total |   2655 |   2475 |    180 |    313 |   1674 |   5 |  531.0 |
       Dungeon |   2655 |   2475 |    180 |    313 |   1674 |   5 |  531.0 |
               +--------+--------+--------+--------+--------+-----+--------+

Top non-repeatable levels by time:
     D:2: 833 daAuts
     D:3: 648 daAuts
     D:1: 575 daAuts
     D:5: 430 daAuts
     D:4: 168 daAuts
